 Dungeon Crawl Stone Soup version 0.21-a0-538-gd16b88a (webtiles) character file.

992 slep the Chopper (level 7, 0/82 HPs)
             Began as a Demonspawn Gladiator on Dec 16, 2017.
             Slain by an ice beast (1 damage)
             ... on level 5 of the Dungeon.
             The game lasted 00:14:11 (3458 turns).

slep the Chopper (Demonspawn Gladiator)             Turns: 3458, Time: 00:14:11

Health: 0/82       AC: 28    Str: 14    XL:     7   Next: 98%
Magic:  0/7        EV:  2    Int: 10    God:
Gold:   155        SH:  4    Dex: 16    Spells: 6/6 levels left

rFire    . . .     SeeInvis .   a - +0 war axe
rCold    . . .     Gourm    .   j - +0 buckler
rNeg     + + +     Faith    .   (armour currently unavailable)
rPois    +         Spirit   +   (helmet currently unavailable)
rElec    .         Reflect  .   (cloak currently unavailable)
rCorr    .         Harm     .   (gloves currently unavailable)
MR       .....     NoTele   +   (boots currently unavailable)
Stlth    ++........             (no amulet)
HPRegen  0.23/turn              w - +5 ring of protection
MPRegen  0.10/turn              q - ring of positive energy

@: tree-form
A: magic shield
a: no special abilities


You were on level 5 of the Dungeon.
You were not hungry.
You were a tree.
You visited 1 branch of the dungeon, and saw 5 of its levels.
You also visited: Sewer.

You collected 155 gold pieces.

Inventory:

Hand Weapons
 a - a +0 war axe (weapon)
 z - a +0 longbow of velocity
Missiles
 d - 3 throwing nets (quivered)
Armour
 b - a +0 leather armour (melded)
 c - a +1 helmet
 j - a +0 buckler (worn)
 v - a +3 leather armour of cold resistance
Jewellery
 n - an uncursed ring of teleportation
 q - a ring of positive energy (right branch)
 w - a +5 ring of protection (left branch)
 y - a +6 ring of intelligence {unknown}
Wands
 i - a wand of acid (13)
 p - a wand of polymorph (16)
 u - a wand of iceblast (17)
Scrolls
 m - a scroll of remove curse
 o - 4 scrolls of identify
Potions
 e - 2 potions of degeneration
 l - 2 potions of curing
 s - 2 potions of lignification
 t - a potion of heal wounds {unknown}
 x - a potion of might {unknown}
 A - a potion of mutation {unknown}
 B - a potion of agility
Comestibles
 f - 4 bread rations
 g - a meat ration
 h - 4 chunks of flesh
 k - 4 fruits


   Skills:
 + Level 4.3 Fighting
 + Level 6.3 Axes
 + Level 1.9 Throwing
 + Level 2.2 Armour
 + Level 4.0 Dodging
 + Level 1.9 Stealth
 + Level 1.4 Shields


You had 6 spell levels left.
You didn't know any spells.

Dungeon Overview and Level Annotations

Branches:
Dungeon (5/15)
 Temple: D:4-7

Altars:
Ashenzari
Fedhas
Gozag
Nemelex Xobeh
Qazlal
Sif Muna
Uskayaw
Wu Jian
Xom
Yredelemnul
The Shining One

Annotations:
D:4 Edmund, Eustachio


Innate Abilities, Weirdness & Mutations

((You have a pair of antennae on your head.))
When hurt, damage is shared between your health and your magic reserves.


Message History

The centaur is severely wounded.
You barely miss the ice beast.
The centaur hits you but does no damage.
The ice beast hits you but does no damage.
You hit the centaur.
The centaur is almost dead.
You hit the ice beast. You block the centaur's attack.
The ice beast completely misses you. You block the centaur's attack.
You hit the centaur.
You kill the centaur!
Your Dodging skill increases to level 4!
You hit the ice beast. The ice beast hits you.
* * * LOW HITPOINT WARNING * * *
The ice beast freezes you!
* * * LOW HITPOINT WARNING * * *
The ice beast hits you but does no damage.
You hit the ice beast but do no damage.
The ice beast is almost dead.
The ice beast hits you.
You die...

#.#...# #.#<..# #
#.#...# .. #.##..#
... #.#...# ....
#.#.#.#### .....
##.((......#
......#.(#######..
......)♣.#{ {
......Y#.#
.......#.#
.........+
####.....# ......#
##.....# .... .#


You could see an ice beast.

Vanquished Creatures
  Sigmund (D:4)
  A phantom (D:4)
  An ogre (D:4)
  A centaur (D:5)
  Blork the orc (D:4)
  2 bullfrogs (Sewer)
  2 orc priests (D:3)
  Jessica (D:2)
  Ijyb (D:3)
  An iguana (D:4)
  A worker ant (D:4)
  2 hound skeletons (D:4)
  6 adders
  A river rat (D:3)
  3 oozes
  3 worms
  7 leopard geckos
  9 orcs
  7 ball pythons
  7 bats
  9 giant cockroaches
  7 goblins
  6 hobgoblins
  2 jackals (D:3)
  A quokka (D:4)
  8 frilled lizards
  13 kobolds
  10 rats
114 creatures vanquished.

Notes
Turn   | Place    | Note
-------+----------+-------------------------------------------
     0 | D:1      | slep the Demonspawn Gladiator began the quest for the Orb.
     0 | D:1      | Reached XP level 1. HP: 16/16 MP: 1/1
    50 | D:1      | Reached skill level 3 in Axes
    73 | D:1      | Gained mutation: When hurt, damage is shared between your health and your magic reserves. [demonic ancestry]
    73 | D:1      | Reached XP level 2. HP: 4/22 MP: 2/2
   260 | D:1      | Reached XP level 3. HP: 17/27 MP: 3/3
   774 | D:2      | Reached skill level 1 in Armour
   861 | D:2      | Noticed Jessica
   872 | D:2      | Killed Jessica
   872 | D:2      | Reached XP level 4. HP: 3/34 MP: 1/4
  1517 | D:3      | Found a sparkling altar of Nemelex Xobeh.
  1521 | D:3      | Found a glowing golden altar of the Shining One.
  1525 | D:3      | Reached skill level 4 in Axes
  1529 | D:3      | Reached XP level 5. HP: 11/40 MP: 1/5
  1641 | D:3      | Found a basalt altar of Yredelemnul.
  1647 | D:3      | Found an opulent altar of Gozag.
  1650 | D:3      | Found a stormy altar of Qazlal.
  1652 | D:3      | Found a hide-covered altar of Uskayaw.
  1756 | D:3      | Found a deep blue altar of Sif Muna.
  1758 | D:3      | Found a shimmering altar of Xom.
  1758 | D:3      | Found a shimmering altar of Xom.
  1773 | D:3      | Reached skill level 1 in Stealth
  1785 | D:3      | Found an ornate altar of the Wu Jian Council.
  1785 | D:3      | Found a shattered altar of Ashenzari.
  1785 | D:3      | Found a blossoming altar of Fedhas.
  1809 | D:3      | Noticed Ijyb
  1823 | D:3      | Killed Ijyb
  1950 | D:3      | Found a glowing drain.
  1959 | Sewer    | Entered a sewer
  1980 | Sewer    | Gained mutation: You have a pair of small antennae on your head. [demonic ancestry]
  1980 | Sewer    | Reached XP level 6. HP: 16/47 MP: 4/6
  2468 | Sewer    | Reached skill level 5 in Axes
  2836 | D:4      | Gained mutation: You have a pair of antennae on your head. [demonic ancestry]
  2836 | D:4      | Reached XP level 7. HP: 8/52 MP: 2/7
  2840 | D:4      | Reached skill level 1 in Shields
  2841 | D:4      | HP: 2/52 [poisoned by a worker ant]
  3193 | D:4      | Noticed Edmund
  3225 | D:4      | Noticed Blork the orc
  3235 | D:4      | Killed Blork the orc
  3268 | D:4      | Noticed Sigmund
  3278 | D:4      | Killed Sigmund
  3278 | D:4      | Reached skill level 6 in Axes
  3427 | D:4      | Noticed Eustachio
  3437 | D:5      | Entered Level 5 of the Dungeon
  3457 | D:5      | HP: 1/82 [ice beast (10)]
  3458 | D:5      | Slain by an ice beast

Vault maps used:
D:1:      erik_arrival_gehennom
D:2:      uniq_jessica
D:3:      minitemple, first_bread, portal_sewer_entry_e, doesnt_xom_only_xom,
          uniq_ijyb
D:4:      lemuel_crystal_altar, uniq_sigmund, uniq_blork_the_orc, uniq_edmund,
          uniq_eustachio
D:5:      kennysheep_mini, minmay_temple_entry_overgrown, serial_shops, shop,
          grunt_tough_drop
Sewer:    sewer_frog_island_01

Skill      XL: |  1  2  3  4  5  6  7 |
---------------+----------------------+-----
Axes           | 3 4 5 6 |  6.3
Dodging        | 3 4 |  4.0
Armour         | 1 2 |  2.2
Stealth        | 1 |  1.9
Fighting       | 3 4 |  4.3
Shields        | 1 |  1.4
Throwing       | |  1.9

Action                   |  1- 3 |  4- 6 |  7- 9 || total
-------------------------+-------+-------+-------++-------
Melee: War axe           |   122 |   184 |    76 ||   382
  Use: Scroll            |     3 |     1 |       ||     4
       Potion            |       |       |     4 ||     4
 Stab: Sleeping          |       |     3 |     3 ||     6
       Distracted        |       |     1 |       ||     1
  Eat: Chunk             |       |     6 |     3 ||     9
Armor: Leather armour    |    29 |    67 |    17 ||   113
       Skin              |       |       |    12 ||    12
Dodge: Dodged            |   109 |   145 |    41 ||   295
Block: Buckler           |       |    41 |    20 ||    61

Table legend:
 A = Spawn XP
 B = Non-spawn XP
 C = Spawn XP percentage of total XP
 D = Spawn monster count
 E = Non-spawn monster count
 F = Spawn count percentage of total count
 G = Total turns spent on level
                    A         B        C        D         E        F      G
               +---------+---------+-------+---------+---------+-------+---------
         Total |       0 |    1418 |   0.0 |       0 |     114 |   0.0 |  3458
               +---------+---------+-------+---------+---------+-------+---------
           D:1 |       0 |      62 |   0.0 |       0 |      30 |   0.0 |   746
           D:2 |       0 |     103 |   0.0 |       0 |      21 |   0.0 |   699
           D:3 |       0 |     200 |   0.0 |       0 |      30 |   0.0 |   604
           D:4 |       0 |     711 |   0.0 |       0 |      13 |   0.0 |   672
           D:5 |       0 |     110 |   0.0 |       0 |       1 |   0.0 |    21
         Sewer |       0 |     232 |   0.0 |       0 |      19 |   0.0 |   716
               +---------+---------+-------+---------+---------+-------+---------
